Map: Romanticide LE

Players

Neeb - Winner!

  • Race: Protoss Protoss

Astrea

  • Race: Protoss Protoss

Event: DreamHack SC2 Masters 2021 Winter

VOD

Have the link to the VOD?

Description

Time

  • Played on: Oct. 17, 2021, 4:19 p.m.
  • Length: 23:12

All games in this series

Show
View Real Time Build Order
Export as new Build Order

Neeb Protoss - Winner!

Build Orders: Oracle Opening 

Get SALT Encoding   

  12  0:00  Probe  
  13  0:12  Probe  
  14  0:20  Pylon  
  14  0:24  Probe  
  15  0:38  Probe (Chrono Boost)  
  15  0:39  Gateway  
  16  0:47  Probe (Chrono Boost)  
  16  0:48  Assimilator  
  17  0:52  Probe  
  18  0:58  Assimilator  
  18  1:04  Probe (Chrono Boost)  
  19  1:16  Probe (Chrono Boost)  
  20  1:22  Probe (Chrono Boost)  
  21  1:27  Cybernetics Core  
  21  1:30  Probe  
  22  1:35  Pylon  
  22  1:42  Probe  
  23  1:53  Zealot (Chrono Boost), Pylon  
  25  1:54  Probe  
  26  2:03  Stargate  
  26  2:07  Probe  
  27  2:16  Adept (Chrono Boost)  
  27  2:20  Pylon  
  28  2:32  Nexus  
  29  2:38  Pylon  
  29  2:46  Oracle  
  29  2:49  Warp Gate  
  31  2:56  Probe  
  32  3:01  Shield Battery  
  32  3:08  Probe  
  33  3:20  Oracle (Chrono Boost)  
  33  3:26  Probe  
  37  3:31  Twilight Council  
  37  3:37  Gateway  
  37  3:38  Probe  
  38  3:45  Probe (Chrono Boost)  
  39  3:54  Probe (Chrono Boost)  
  40  3:57  Probe (Chrono Boost)  
  40  4:01  Gateway  
  42  4:05  Blink (Chrono Boost), Probe (Chrono Boost)  
  42  4:06  Probe (Chrono Boost)  
  43  4:12  Probe  
  43  4:14  Probe  
  43  4:17  Gateway  
  45  4:24  Probe  
  45  4:27  Probe  
  47  4:36  Probe  
  48  4:44  Probe  
  49  4:47  Stalker x2  
  49  4:49  Probe  
  54  4:57  Pylon x2  
  54  5:07  Assimilator  
  54  5:08  Pylon  
  54  5:15  Probe x2  
  54  5:16  Stalker, Nexus  
  54  5:18  Stalker  
  60  5:27  Probe x2  
  62  5:31  Stalker x2  
  64  5:36  Pylon  
  64  5:39  Probe  
  64  5:40  Stalker  
  64  5:42  Stalker  
  69  5:43  Probe  
  70  5:51  Probe  
  70  5:55  Probe  
  72  5:59  Stalker x2  
  72  6:03  Probe  
  77  6:06  Forge  
  77  6:08  Stalker x2  
  77  6:10  Probe  
  82  6:16  Probe  
  83  6:22  Probe  
  83  6:24  Stalker  
  86  6:26  Pylon  
  86  6:28  Probe (Chrono Boost)  
  86  6:30  Charge  
  85  6:34  Protoss Ground Weapons Level 1 (Chrono Boost)  
  85  6:35  Probe (Chrono Boost)  
  85  6:39  Probe (Chrono Boost)  
  85  6:40  Probe (Chrono Boost)  
  85  6:44  Robotics Facility  
  85  6:46  Probe (Chrono Boost)  
  87  6:48  Probe (Chrono Boost)  
  87  6:51  Probe (Chrono Boost)  
  87  6:52  Probe (Chrono Boost)  
  89  6:55  Probe  
  89  6:58  Nexus  
  89  7:00  Probe  
  89  7:01  Pylon  
  92  7:03  Sentry x2  
  92  7:05  Assimilator  
  92  7:06  Assimilator  
  92  7:07  Probe  
  97  7:09  Probe  
  97  7:14  Gateway  
  97  7:15  Gateway  
  98  7:19  Gateway  
  98  7:20  Gateway  
  98  7:22  Gateway  
  98  7:27  Gateway, Pylon  
  98  7:33  Templar Archives  
  98  7:34  Observer  
  99  7:38  Shield Battery  
  99  7:44  Pylon  
  99  7:47  Zealot x4  
  99  7:50  Pylon  
  107  7:54  Warp Prism (Chrono Boost), Probe  
  107  7:55  Probe  
  107  7:56  Probe  
  112  8:06  Probe  
  112  8:09  Probe  
  112  8:11  Probe  
  112  8:12  Probe  
  116  8:13  High Templar x2, Pylon  
  116  8:16  Photon Cannon  
  116  8:17  Archon  
  120  8:21  Zealot x5  
  120  8:24  Protoss Ground Weapons Level 2 (Chrono Boost)  
  120  8:26  Zealot x3  
  136  8:42  Zealot  
  136  8:45  Zealot x3, High Templar x2  
  136  8:46  Zealot  
  150  8:49  High Templar x2  
  150  8:50  Archon  
  150  8:55  Zealot  
  156  8:56  Archon  
  156  9:00  Pylon  
  156  9:02  Pylon  
  156  9:03  Pylon  
  156  9:05  Pylon  
  156  9:14  Probe x3  
  156  9:16  Assimilator x2  
  159  9:17  Photon Cannon, Robotics Facility, Robotics Bay  
  159  9:18  Assimilator  
  159  9:19  Photon Cannon  
  159  9:21  Probe  
  159  9:22  Pylon  
  158  9:26  Probe  
  158  9:28  Probe  
  158  9:30  Immortal (Chrono Boost)  
  158  9:38  Shield Battery  
  160  9:54  Dark Shrine  
  160  10:03  Nexus  
  160  10:05  High Templar x4  
  160  10:06  Zealot x3  
  174  10:07  Zealot x3  
  174  10:10  Archon x2  
  180  10:17  Disruptor (Chrono Boost), Shield Battery  
  180  10:18  Shield Battery  
  186  10:22  Disruptor (Chrono Boost)  
  186  10:28  Photon Cannon, Stalker  
  186  10:29  Photon Cannon, Stalker x3  
  194  10:39  Zealot  
  194  10:40  Zealot x2  
  200  10:46  Pylon  
  196  10:51  Disruptor (Chrono Boost)  
  196  10:54  Gravitic Boosters  
  196  10:56  Protoss Ground Weapons Level 3 (Chrono Boost)  
  199  11:00  Disruptor (Chrono Boost)  
  196  11:06  Shadow Stride (Chrono Boost)  
  196  11:10  Photon Cannon  
  196  11:11  Photon Cannon  
  196  11:14  Photon Cannon  
  196  11:15  Dark Templar x2, Shield Battery  
  200  11:23  Photon Cannon  
  200  11:26  Assimilator  
  200  11:28  Assimilator  
  182  11:35  Disruptor x2  
  173  11:48  Zealot  
  173  11:49  Zealot x8  
  153  12:11  Disruptor (Chrono Boost)  
  153  12:12  Probe x3, Disruptor (Chrono Boost)  
  134  12:27  Zealot x10  
  154  12:33  Fleet Beacon  
  154  12:43  Disruptor (Chrono Boost)  
  160  12:45  Protoss Air Weapons Level 1  
  160  12:47  Disruptor (Chrono Boost)  
  160  12:50  Stalker x10  
  178  13:03  Photon Cannon  
  176  13:06  Disruptor, Pylon  
  176  13:08  Pylon  
  173  13:23  Dark Templar x9  
  173  13:24  Dark Templar  
  193  13:34  Pylon  
  185  14:09  Dark Templar x9  
  195  14:11  Observer  
  195  14:13  Observer  
  195  14:14  Nexus  
  197  14:18  Photon Cannon  
  197  14:19  Photon Cannon  
  197  14:22  Shield Battery  
  195  14:29  Photon Cannon, Shield Battery  
  195  14:30  Photon Cannon  
  195  14:31  Photon Cannon  
  195  14:32  Observer (Chrono Boost), Pylon  
  197  14:39  Observer (Chrono Boost)  
  197  14:45  Photon Cannon  
  197  14:47  Photon Cannon  
  197  14:52  Assimilator  
  195  14:55  Assimilator  
  195  14:56  Protoss Air Weapons Level 2 (Chrono Boost)  
  195  14:57  Pylon  
  195  15:01  Dark Templar x2  
  175  15:18  Stalker x7  
  189  15:24  Mothership (Chrono Boost)  
  194  15:32  Stalker  
  194  15:33  Stalker  
  198  15:48  Pylon  
  179  15:50  Observer (Chrono Boost)  
  171  15:57  Observer (Chrono Boost)  
  171  16:03  Dark Templar x7  
  185  16:07  Observer (Chrono Boost)  
  181  16:19  Observer  
  168  16:41  Stalker x3  
  168  16:42  Stalker x7  
  188  16:50  Pylon  
  188  16:51  Observer  
  185  17:07  Photon Cannon  
  185  17:09  Photon Cannon  
  185  17:11  Photon Cannon  
  161  17:46  Dark Templar x8  
  161  17:49  Zealot x2  
  177  18:19  Nexus  
  177  18:20  Dark Templar x8, Pylon  
  177  18:24  Stargate  
  177  18:25  Stargate  
  177  18:26  Observer x2  
  195  18:37  Pylon  
  170  19:11  Stalker x2  
  170  19:12  Stalker x7  
  185  19:38  Dark Templar x7  
  199  19:41  Nexus  
  178  20:05  Dark Templar x3  
  183  20:08  Observer x2  
  172  20:30  Observer  
  173  20:42  Stalker x10  
  193  20:49  Pylon  
  193  20:53  Assimilator  
  193  20:54  Pylon  
  193  20:55  Assimilator  
  192  21:03  Pylon  
  190  21:06  Disruptor x2  
  187  21:41  Disruptor  
  187  21:42  Zealot x3, Disruptor  
  192  22:00  Dark Templar x7  
  187  22:18  Observer x2  
  187  22:39  Observer  
Show
View Real Time Build Order
Export as new Build Order

Astrea Protoss 

Build Orders: Phoenix Opening 

Get SALT Encoding   

  12  0:00  Probe  
  13  0:12  Probe  
  14  0:17  Pylon  
  14  0:24  Probe (Chrono Boost)  
  15  0:36  Probe (Chrono Boost)  
  15  0:37  Gateway  
  16  0:44  Probe (Chrono Boost)  
  16  0:46  Assimilator  
  17  0:51  Probe  
  17  0:55  Assimilator  
  18  1:03  Probe (Chrono Boost)  
  19  1:05  Pylon  
  19  1:12  Probe (Chrono Boost)  
  19  1:17  Probe (Chrono Boost)  
  20  1:25  Cybernetics Core  
  21  1:29  Probe  
  22  1:34  Zealot  
  24  1:41  Probe  
  25  1:53  Probe  
  26  1:59  Pylon  
  26  2:00  Warp Gate (Chrono Boost)  
  26  2:02  Sentry (Chrono Boost)  
  26  2:05  Probe  
  29  2:10  Pylon  
  29  2:20  Probe  
  30  2:27  Sentry (Chrono Boost)  
  32  2:34  Nexus, Phoenix  
  32  2:35  Probe  
  32  2:48  Probe  
  33  2:52  Gateway  
  33  2:55  Stalker  
  35  3:00  Probe  
  35  3:04  Shield Battery  
  36  3:11  Shield Battery  
  36  3:14  Probe  
  37  3:26  Probe  
  38  3:33  Twilight Council  
  38  3:38  Probe  
  39  3:47  Stalker x2, Probe (Chrono Boost)  
  44  3:55  Probe (Chrono Boost)  
  45  3:59  Probe (Chrono Boost)  
  46  4:04  Probe (Chrono Boost)  
  46  4:05  Blink (Chrono Boost), Probe (Chrono Boost)  
  48  4:10  Phoenix  
  48  4:13  Stalker, Probe  
  51  4:17  Stalker  
  51  4:20  Probe  
  52  4:25  Probe  
  53  4:33  Pylon  
  53  4:35  Probe  
  54  4:51  Probe x2  
  54  4:52  Stalker x2, Pylon  
  60  5:02  Pylon  
  60  5:03  Probe x2  
  62  5:11  Robotics Facility  
  62  5:14  Phoenix  
  62  5:15  Stalker x2  
  62  5:17  Probe  
  62  5:19  Probe  
  66  5:24  Pylon  
  66  5:29  Probe  
  66  5:32  Probe  
  68  5:37  Forge  
  68  5:39  Gateway  
  68  5:40  Assimilator  
  68  5:41  Probe  
  69  5:44  Probe  
  69  5:46  Stalker  
  72  5:54  Nexus, Probe  
  72  5:55  Pylon  
  72  5:56  Probe  
  74  6:05  Observer (Chrono Boost)  
  74  6:06  Probe  
  74  6:08  Probe  
  74  6:10  Shield Battery  
  76  6:15  Stalker  
  76  6:18  Probe  
  79  6:20  Probe  
  79  6:24  Protoss Ground Weapons Level 1 (Chrono Boost)  
  80  6:30  Probe  
  80  6:32  Probe  
  84  6:37  Stalker  
  86  6:42  Probe, Pylon  
  86  6:44  Probe  
  86  6:45  Pylon  
  84  6:51  Stalker  
  83  6:54  Probe  
  83  6:56  Probe  
  83  6:58  Gateway x2  
  83  7:01  Gateway  
  85  7:02  Gateway  
  85  7:06  Templar Archives  
  85  7:16  Immortal (Chrono Boost)  
  85  7:17  Gateway  
  85  7:18  Gateway  
  89  7:26  Zealot, Assimilator  
  89  7:28  Phoenix, Pylon  
  91  7:36  Zealot  
  93  7:47  Warp Prism, Zealot  
  93  7:50  Charge  
  93  7:51  Probe  
  98  7:52  Pylon  
  98  7:56  High Templar  
  98  7:57  Zealot x3, High Templar  
  108  8:01  Archon  
  108  8:07  Pylon  
  108  8:10  Assimilator  
  108  8:12  Nexus, Protoss Ground Weapons Level 2 (Chrono Boost)  
  108  8:14  High Templar  
  108  8:15  Zealot, High Templar  
  114  8:20  Archon  
  114  8:29  Assimilator  
  114  8:31  Zealot x5  
  124  8:37  Observer  
  124  8:39  Pylon  
  125  8:44  Zealot  
  127  8:50  Pylon  
  127  8:52  Shield Battery  
  127  8:56  Pylon  
  127  8:57  High Templar  
  127  8:58  Zealot x4, High Templar  
  127  9:02  Archon  
  137  9:12  Robotics Bay  
  137  9:13  Robotics Facility  
  137  9:17  Zealot x2  
  141  9:28  Zealot x4  
  149  9:35  Photon Cannon, Pylon  
  149  9:42  Zealot x2, High Templar x2  
  155  9:46  Pylon  
  155  9:49  Archon  
  155  9:51  Probe x4  
  155  9:52  Photon Cannon  
  159  9:58  Stalker x2  
  163  10:04  Probe (Chrono Boost)  
  163  10:05  Probe (Chrono Boost)  
  167  10:08  Probe x2 (Chrono Boost)  
  167  10:12  Disruptor (Chrono Boost)  
  168  10:15  Disruptor (Chrono Boost)  
  168  10:16  Probe x2 (Chrono Boost)  
  168  10:19  Probe x2 (Chrono Boost)  
  168  10:20  Probe x2 (Chrono Boost)  
  178  10:31  Probe x3  
  178  10:32  Probe  
  178  10:33  Assimilator  
  182  10:36  Dark Shrine  
  182  10:37  Assimilator  
  182  10:41  Pylon  
  182  10:42  Protoss Ground Weapons Level 3 (Chrono Boost)  
  182  10:47  Photon Cannon  
  182  10:48  Photon Cannon  
  180  10:55  Pylon  
  180  10:57  Disruptor  
  178  10:59  Disruptor  
  182  11:15  Nexus  
  182  11:16  Pylon  
  182  11:22  Pylon  
  182  11:23  Pylon  
  178  11:28  Gateway  
  178  11:29  Gateway  
  178  11:30  Stalker x4  
  178  11:32  Disruptor  
  174  11:34  Disruptor  
  174  11:37  Stalker x2  
  168  11:53  Stalker x6  
  160  12:11  Disruptor x2  
  160  12:12  Stalker x2  
  160  12:13  Probe  
  153  12:16  Probe  
  150  12:25  Probe  
  150  12:26  Shadow Stride (Chrono Boost)  
  150  12:28  Photon Cannon, Shield Battery  
  151  12:33  Gravitic Boosters (Chrono Boost)  
  151  12:42  Probe x5  
  156  12:44  Dark Templar x2  
  156  12:45  Zealot x7  
  156  12:47  Observer x2  
  156  12:50  Photon Cannon  
  176  13:00  Photon Cannon  
  176  13:05  Probe x3  
  179  13:07  Assimilator x2  
  171  13:13  Stalker x5  
  171  13:25  Disruptor x2  
  177  13:28  Photon Cannon  
  177  13:30  Photon Cannon  
  177  13:31  Dark Templar  
  177  13:32  Dark Templar, Pylon  
  179  13:44  Dark Templar x5  
  189  13:55  Zealot x3  
  185  14:00  Probe  
  170  14:06  Probe x4  
  170  14:10  Photon Cannon  
  170  14:12  Probe  
  170  14:13  Photon Cannon  
  170  14:15  Dark Templar  
  173  14:18  Stalker x4  
  181  14:30  Probe  
  181  14:31  Probe x2  
  177  14:43  Stalker x3  
  177  14:44  Stalker x5  
  191  14:53  Pylon  
  191  14:54  Pylon  
  175  15:05  Probe x3  
  173  15:13  Probe x2  
  167  15:17  Probe x2  
  169  15:23  Dark Templar x6  
  169  15:25  Probe x2  
  181  15:29  Observer (Chrono Boost)  
  181  15:30  Probe  
  181  15:31  Probe  
  180  15:49  Probe  
  164  15:51  Probe  
  137  15:58  Probe  
  132  16:05  Nexus  
  126  16:19  Photon Cannon  
  126  16:21  Assimilator, Dark Templar x4  
  126  16:25  Dark Templar  
  133  16:40  Nexus  
  133  16:50  Stalker  
  132  16:58  High Templar x3  
  132  16:59  High Templar  
  137  17:04  Archon x2  
  134  17:14  Observer (Chrono Boost)  
  133  17:15  Stalker  
  133  17:16  Stalker x3  
  137  17:28  Probe x3  
  140  17:30  Probe  
  135  17:40  Probe  
  135  17:41  Stalker x2, Dark Templar x2  
  138  17:45  Probe  
  139  17:54  Disruptor (Chrono Boost)  
  142  17:59  Probe  
  142  18:01  Disruptor (Chrono Boost)  
  142  18:03  Probe x3  
  147  18:11  Probe  
  148  18:15  Photon Cannon  
  148  18:19  Pylon  
  148  18:33  Observer (Chrono Boost)  
  148  18:34  Disruptor (Chrono Boost)  
  152  18:35  Assimilator  
  152  18:36  Assimilator  
  152  18:37  Photon Cannon x2  
  143  18:52  Stalker x3  
  143  18:53  Stalker x3  
  125  19:08  Stalker x3  
  128  19:32  Nexus  
  130  19:46  Observer x2 (Chrono Boost)  
  122  19:56  Stalker x3  
  122  19:57  Dark Templar x4  
  110  20:06  Observer (Chrono Boost)  
  114  20:12  Observer  
  114  20:13  Disruptor (Chrono Boost)  
  95  20:30  Stalker x8  
  106  20:37  Observer  
  106  20:39  Dark Templar x2  
  110  20:46  Disruptor (Chrono Boost)  
  113  20:53  Disruptor (Chrono Boost)  
  115  21:13  Dark Templar  
  115  21:21  Observer  
  115  21:25  Stalker x6  
  112  21:47  Disruptor  

Tags
 
Add a new tag
Caveats
  • Supply blocks, unpowered buildings, or Contaminate may cause inaccurate times.
  • Supply counts are checked every 10 seconds.